 Dungeon Crawl Stone Soup version 0.21.1-1-g345015f (webtiles) character file.

8374 Zubo the Destroyer (level 11, 0/83 HPs)
             Began as a Human Conjurer on June 19, 2018.
             Was an Elder of Sif Muna.
             Succumbed to an orc warrior's poison
             ... on level 10 of the Dungeon.
             The game lasted 01:06:31 (13501 turns).

Zubo the Destroyer (Human Conjurer)                Turns: 13501, Time: 01:06:31

Health: 0/83       AC:  7    Str: 12    XL:     11   Next: 54%
Magic:  11/37      EV: 13    Int: 18    God:    Sif Muna [****..]
Gold:   115        SH:  0    Dex: 14    Spells: 10/25 levels left

rFire    + . .     SeeInvis .   M - staff of power
rCold    . . .     Gourm    .   (no shield)
rNeg     . . .     Faith    .   r - +2 leather armour {rF+}
rPois    .         Spirit   .   B - +1 hat {MR+}
rElec    .         Reflect  .   (no cloak)
rCorr    .         Harm     .   f - +0 pair of gloves {Str+3}
MR       +....                  (no boots)
Stlth    ++........             k - amulet of magic regeneration
HPRegen  0.23/turn              (no ring)
MPRegen  0.50/turn              t - ring of wizardry

@: lethally poisoned (0 -> -1), very slightly contaminated, divine energy
A: no striking features
a: Stop Divine Energy, Channel Magic, Forget Spell, Renounce Religion


You were on level 10 of the Dungeon.
You worshipped Sif Muna.
Sif Muna was greatly pleased with you.
You were hungry.

You visited 1 branch of the dungeon, and saw 11 of its levels.

You collected 502 gold pieces.
You spent 387 gold pieces at shops.

Inventory:

Hand Weapons
 l - a +3 long sword of slicing
Armour
 f - a +0 pair of gloves of strength (worn)
 m - a scarf of resistance
 r - a +2 leather armour of fire resistance (worn)
 w - a +0 cloak of magic resistance
 B - a +1 hat of magic resistance (worn)
 L - a +2 leather armour of cold resistance
Magical Staves
 n - an uncursed staff of death
 M - an uncursed staff of power (weapon)
 Q - an uncursed staff of energy
Jewellery
 d - a +3 ring of protection
 k - an amulet of magic regeneration (around neck)
 s - a +6 ring of strength
 t - a ring of wizardry (right hand)
 I - an uncursed ring of ice
Wands
 h - a wand of digging (10)
 o - a wand of acid (11)
 y - a wand of clouds (3)
 E - a wand of iceblast (12)
 S - a wand of disintegration (22)
Scrolls
 a - a scroll of enchant armour {unknown}
 e - 5 scrolls of fog
 p - 4 scrolls of remove curse
 u - 3 scrolls of teleportation {unknown}
 v - 3 scrolls of random uselessness
 G - 2 scrolls of amnesia {unknown}
 J - 3 scrolls of fear
 X - a scroll of holy word {unknown}
Potions
 g - a potion of resistance
 i - 6 potions of curing
 j - 4 potions of haste
 q - a potion of cancellation {unknown}
 x - 2 potions of brilliance {unknown}
 z - a potion of heal wounds
 A - a potion of might {unknown}
 C - a potion of invisibility
 D - a potion of mutation {unknown}
 H - 4 potions of degeneration {unknown}
 O - a potion of lignification {unknown}
 P - a potion of ambrosia {unknown}
 R - a potion of flight {unknown}
 W - a potion of magic {unknown}
Books
 b - a book of Conjurations

   Spells                             Type                      Level
   a - Magic Dart                     Conjuration                  1
   b - Searing Ray                    Conjuration                  2
   c - Dazzling Spray                 Conjuration/Hexes            3
   d - Fulminant Prism                Conjuration/Hexes            4
   e - Force Lance                    Conjuration/Translocation    4
   f - Iskenderun's Mystic Blast      Conjuration                  4
 N - The Foundations of Spellweaving
   (You found it on level 7 of the Dungeon)

   Spells                             Type                      Level
   a - Searing Ray                    Conjuration                  2
   b - Throw Flame                    Conjuration/Fire             2
   c - Throw Frost                    Conjuration/Ice              2
   d - Slow                           Hexes                        2
   e - Poisonous Vapours              Poison/Air                   2
 T - a book of Maledictions

   Spells                             Type                      Level
   a - Corona                         Hexes                        1
   b - Ensorcelled Hibernation        Hexes/Ice                    2
   c - Confuse                        Hexes                        3
   d - Tukima's Dance                 Hexes                        3
   e - Dazzling Spray                 Conjuration/Hexes            3
Miscellaneous
 F - a crystal ball of energy
 Z - a lightning rod (4/4)
Comestibles
 c - 15 rations
 Y - 8 chunks of flesh


   Skills:
 * Level 6.9 Fighting
 + Level 2.1 Staves
 - Level 4.0 Armour
 + Level 4.2 Dodging
 - Level 2.0 Stealth
 + Level 7.5 Spellcasting
 + Level 9.9 Conjurations
 * Level 6.7 Hexes
 - Level 4.0 Invocations
 - Level 2.0 Evocations


You had 10 spell levels left.
You knew the following spells:

 Your Spells              Type           Power        Failure   Level  Hunger
a - Magic Dart            Conj           ####         1%          1    None
b - Searing Ray           Conj           #####.       1%          2    None
c - Dazzling Spray        Conj/Hex       #####.       1%          3    #......
d - Fulminant Prism       Conj/Hex       #####.....   1%          4    ###....
e - Slow                  Hex            ####....     1%          2    None
f - Tukima's Dance        Hex            ####....     1%          3    #......


Dungeon Overview and Level Annotations

Branches:
Dungeon (11/15)            Temple (0/1) D:6            Lair (0/6) D:8
    Orc: D:9-12

Altars:
Ashenzari
Dithmenos
Elyvilon
Fedhas
Hepliaklqana
Kikubaaqudgha
Makhleb
Qazlal
Sif Muna
Trog
Xom

Shops:
D:5 }   D:8 (   D:11 [


Message History

Press: ? - help, Shift-Dir - straight line, f - orc warrior
Aim: an orc warrior, wearing a runed plate armour The searing ray misses the orc warrior. (Press . to maintain the ray.)
You feel sick.
The orc warrior hits you but does no damage.
The searing ray misses the orc warrior.
The orc warrior hits you!
* * * LOW HITPOINT WARNING * * *
The searing ray hits the orc warrior.
You feel sick. The orc warrior hits you.
* * * LOW HITPOINT WARNING * * *
The searing ray hits the orc warrior.
The orc warrior is lightly wounded.
You finish channeling your searing ray.
The orc warrior hits you!
* * * LOW HITPOINT WARNING * * *
Unknown command.
Blink to where?
Press: ? - help, Dir - move target cursor, p - orc warrior You are very lightly contaminated with residual magic.
As you read the scroll of blinking, it crumbles to dust.
You die...

####'####### #..# ##.#
######## #(# #....>.# #.#
# #......# ###.######## #
#..ยง...#
######........... ###
#^.o...###......#.########
..#### #......'.@.######.#
#....###......##### #.#
####...'......# #.# #
#####......# #.# #
#####'## #.# # #....# #.#
# ####'####### #.# #
#..........# #.# #
#.......<..########.######


You could see an orc warrior.

Vanquished Creatures
  A two-headed ogre (D:8)
  The ghost of diana the Carver, a novice TeFi of Ru (D:6)
  A hornet (D:11)
  5 hippogriffs
  Sigmund (D:4)
  A shadow (D:11)
  2 dancing weapons (D:11)
  A spriggan (D:8)
  A yak (D:7)
  Eustachio (D:5)
  A steam dragon (D:8)
  3 hungry ghosts
  Menkaure (D:5)
  6 orc warriors
  3 ice beasts
  2 phantoms
  A black bear (D:6)
  3 sky beasts
  7 ogres
  3 centaurs
  A crocodile (D:10)
  5 bullfrogs
  A gnoll sergeant (D:6)
  4 scorpions
  A water moccasin skeleton (D:7)
  A wight (D:6)
  4 howler monkeys
  5 crimson imps
  A bullfrog zombie (D:11)
  A gnoll shaman (D:6)
  A hound (D:7)
  4 jellies
  10 orc priests
  11 orc wizards
  Crazy Yiuf (D:3)
  A bullfrog skeleton (D:9)
  Jessica (D:2)
  Ijyb (D:5)
  2 iguanas
  7 worker ants
  A hound zombie (D:7)
  A hound skeleton (D:6)
  A worker ant zombie (D:7)
  11 gnolls
  9 adders
  2 howler monkey skeletons
  4 shadow imps
  An ooze (D:1)
  An adder zombie (D:7)
  3 worms
  3 dart slugs
  3 leopard geckos
  48 orcs
  4 giant cockroaches
  7 goblins
  7 hobgoblins
  14 jackals
  3 quokkas
  A ball python (D:6)
  4 bats
  2 frilled lizards
  9 kobolds
  2 quokka skeletons
  6 rats
  3 fulminant prisms
258 creatures vanquished.

Vanquished Creatures (collateral kills)
  An ogre (D:11)
1 creature vanquished.

Vanquished Creatures (others)
  A human (D:10)
  117 fulminant prisms
118 creatures vanquished.

Grand Total: 377 creatures vanquished

Notes
Turn   | Place    | Note
-------+----------+-------------------------------------------
     0 | D:1      | Zubo the Human Conjurer began the quest for the Orb.
     0 | D:1      | Reached XP level 1. HP: 13/13 MP: 3/3
    83 | D:1      | Reached XP level 2. HP: 4/19 MP: 0/5
   681 | D:1      | Learned a level 2 spell: Searing Ray
   840 | D:1      | Reached XP level 3. HP: 24/24 MP: 3/6
  1132 | D:2      | Reached skill level 5 in Conjurations
  1488 | D:2      | Reached XP level 4. HP: 30/30 MP: 4/7
  1909 | D:2      | Found a hazy altar of Hepliaklqana.
  2112 | D:2      | Found a shattered altar of Ashenzari.
  2126 | D:2      | Found a deep blue altar of Sif Muna.
  2138 | D:2      | Became a worshipper of Sif Muna the Loreminder
  2164 | D:2      | Noticed Jessica
  2175 | D:2      | Killed Jessica
  2175 | D:2      | Reached XP level 5. HP: 35/35 MP: 1/8
  2207 | D:2      | Found a white marble altar of Elyvilon.
  2217 | D:2      | Found a blossoming altar of Fedhas.
  2219 | D:2      | Reached skill level 6 in Conjurations
  2401 | D:3      | Learned a level 3 spell: Dazzling Spray
  2448 | D:3      | Found a bloodstained altar of Trog.
  2529 | D:3      | Reached XP level 6. HP: 32/41 MP: 2/9
  2641 | D:3      | Reached skill level 7 in Conjurations
  2710 | D:3      | Reached * piety under Sif Muna
  3633 | D:3      | Found a runed door.
  3683 | D:3      | Noticed Crazy Yiuf
  3687 | D:3      | Killed Crazy Yiuf
  3687 | D:3      | Reached XP level 7. HP: 32/46 MP: 6/10
  4136 | D:4      | Reached skill level 8 in Conjurations
  4155 | D:4      | Learned a level 4 spell: Fulminant Prism
  4643 | D:4      | Reached ** piety under Sif Muna
  4643 | D:4      | Reached skill level 1 in Armour
  4643 | D:4      | Reached skill level 1 in Hexes
  4673 | D:4      | Noticed Sigmund
  4680 | D:4      | Killed Sigmund
  4680 | D:4      | Reached skill level 1 in Fighting
  4680 | D:4      | Reached XP level 8. HP: 52/54 MP: 0/12
  5003 | D:5      | Entered Level 5 of the Dungeon
  5059 | D:5      | Found Nidghiwk's Gadget Shop.
  5265 | D:5      | Noticed Menkaure
  5271 | D:5      | Killed Menkaure
  5474 | D:5      | Found a stormy altar of Qazlal.
  5671 | D:5      | Found a shadowy altar of Dithmenos.
  5683 | D:5      | Noticed Eustachio
  5703 | D:5      | Noticed Ijyb
  5710 | D:5      | Killed Ijyb
  5787 | D:5      | Killed Eustachio
  6185 | D:6      | Reached XP level 9. HP: 62/62 MP: 11/15
  6531 | D:6      | Noticed diana's ghost (novice TeFi)
  6555 | D:5      | Reached skill level 5 in Spellcasting
  6894 | D:6      | Killed diana's ghost
  6894 | D:6      | Reached skill level 9 in Conjurations
  7250 | D:6      | Reached *** piety under Sif Muna
  7633 | D:6      | Reached XP level 10. HP: 72/72 MP: 9/19
  8288 | D:6      | Found a staircase to the Ecumenical Temple.
  8443 | D:7      | Reached skill level 1 in Invocations
  8495 | D:7      | Reached skill level 5 in Fighting
  8504 | D:7      | Reached skill level 1 in Evocations
  8585 | D:7      | Reached skill level 5 in Hexes
  9097 | D:6      | Reached **** piety under Sif Muna
  9451 | D:7      | Found a shimmering altar of Xom.
  9451 | D:7      | Found a blossoming altar of Fedhas.
  9663 | D:7      | Found a burning altar of Makhleb.
  9663 | D:7      | Found a deep blue altar of Sif Muna.
  9682 | D:7      | Identified The Foundations of Spellweaving
  9715 | D:7      | Reached XP level 11. HP: 81/81 MP: 21/21
  9735 | D:7      | Learned a level 2 spell: Slow
 10098 | D:8      | Noticed a two-headed ogre
 10110 | D:8      | Killed a two-headed ogre
 10549 | D:8      | Found a staircase to the Lair.
 10589 | D:8      | Reached skill level 1 in Staves
 11017 | D:8      | Found Sieqah's Weapon Shoppe.
 12496 | D:9      | Learned a level 3 spell: Tukima's Dance
 12551 | D:10     | Entered Level 10 of the Dungeon
 13221 | D:10     | Found an ancient bone altar of Kikubaaqudgha.
 13407 | D:11     | Found Ahataica's Antique Armour Emporium.
 13415 | D:11     | Bought a runed scarf for 200 gold pieces
 13415 | D:11     | Bought a pair of glowing gloves for 187 gold pieces
 13500 | D:10     | HP: 1/83 [orc warrior (14)]
 13501 | D:10     | Succumbed to an orc warrior's poison

Skill      XL: |  1  2  3  4  5  6  7  8  9 10 11 |
---------------+----------------------------------+-----
Conjurations   | 5 6 7 8 9 |  9.9
Armour         | 2 3 4 |  4.0
Hexes          | 1 2 4 5 6 |  6.7
Fighting       | 1 2 4 5 6 |  6.9
Spellcasting   | 3 4 6 7 |  7.5
Invocations    | 3 4 |  4.0
Evocations     | 2 |  2.0
Dodging        | 3 4 |  4.2
Staves         | 2 |  2.1
Stealth        | |  2.0

Action                   |  1- 3 |  4- 6 |  7- 9 | 10-12 || total
-------------------------+-------+-------+-------+-------++-------
Melee: Unarmed           |     8 |       |       |       ||     8
       Mace              |     4 |       |       |       ||     4
       Long sword        |       |     5 |    23 |     7 ||    35
       Staff             |       |       |       |     4 ||     4
 Cast: Magic Dart        |    45 |    63 |   128 |    94 ||   330
       Searing Ray       |     1 |    19 |    30 |    51 ||   101
       Fulminant Prism   |       |       |    42 |    79 ||   121
       Dazzling Spray    |       |       |     3 |    26 ||    29
       Tukima's Dance    |       |       |       |     7 ||     7
       Slow              |       |       |       |     1 ||     1
Invok: Divine Energy     |       |       |       |     1 ||     1
  Use: Scroll            |     3 |     2 |    12 |     4 ||    21
       Potion            |       |       |     1 |     2 ||     3
  Eat: Ration            |     1 |     1 |     2 |     2 ||     6
       Chunk             |       |     5 |    13 |    22 ||    40
Armor: Robe              |     3 |     7 |     2 |       ||    12
       Leather armour    |       |       |    45 |    46 ||    91
Dodge: Dodged            |     9 |    10 |    53 |   115 ||   187
       Rpst.: Long sword |       |     2 |    14 |    12 ||    28
